 Dungeon Crawl Stone Soup version 0.31-a0-112-gdf0485fa37 (webtiles) character file.

Game seed: 14697901648111273195

89 mopl the Magician (level 4, -1/27 HPs)
             Began as an Octopode Hedge Wizard on May 28, 2023.
             Slain by a gnoll
             ... wielding a +0 spear
              (6 damage)
             ... on level 3 of the Dungeon.
             The game lasted 00:02:52 (1275 turns).

mopl the Magician (Octopode Hedge Wizard)           Turns: 1275, Time: 00:02:53

Health: -1/27      AC:  1    Str:  9    XL:     4   Next: 55%
Magic:  4/9        EV: 13    Int: 18    God:
Gold:   27         SH:  0    Dex: 11    Spells: 7/10 levels left

rFire   . . .        a - +0 dagger
rCold   . . .        (no shield)
rNeg    . . .        b - +0 hat
rPois   .            (no amulet)
rElec   .            (no ring)
rCorr   .            (no ring)
SInv    .            (no ring)
Will    .....        (no ring)
Stlth   +++          (no ring)
HPRegen 0.24/turn    (no ring)
MPRegen 0.11/turn    (no ring)
                     (no ring)

%: no passive effects
@: no status effects
A: almost no armour, amphibious, 8 rings, camouflage 1, gelatinous body 1,
(nimble swimmer 1), tentacles
a: no special abilities


You were on level 3 of the Dungeon.
You visited 1 branch of the dungeon, and saw 3 of its levels.

You collected 87 gold pieces.
You spent 60 gold pieces at shops.

Inventory:

Hand Weapons
 a - a +0 dagger (weapon)
Missiles
 l - 9 poisoned darts
 p - 2 atropa-tipped darts
Armour
 b - a +0 hat (worn)
Scrolls
 e - 3 scrolls of teleportation
 h - a scroll of blinking {unknown}
 i - a scroll of enchant weapon {unknown}
 j - 3 scrolls of identify
 m - a scroll of magic mapping {unknown}
Potions
 c - a potion of magic
 d - a potion of berserk rage {unknown}
 f - a potion of heal wounds {unknown}
 g - a potion of brilliance {unknown}
 k - a potion of enlightenment {unknown}
 n - a potion of ambrosia {unknown}
 o - a potion of haste {unknown}
 q - a potion of mutation {unknown}
 r - a potion of might {unknown}


   Skills:
 - Level 2.0 Dodging
 - Level 2.6 Stealth
 + Level 3.7 Spellcasting
 + Level 2.5 Conjurations
 - Level 1.0 Summonings
 + Level 2.4 Translocations


You had 7 spell levels left.
You knew the following spells:

 Your Spells              Type           Power      Damage    Failure   Level
a - Magic Dart            Conj           48%        1d5       5%          1
e - Blink                 Tloc           24%        N/A       9%          2

Your spell library contained the following spells:

 Spells                   Type           Power      Damage    Failure   Level
 Sandblast                Erth           6%         2d5       16%         1
 Slow                     Hex            12%        N/A       16%         1
 Call Imp                 Summ           12%        N/A       16%         2
 Cigotuvi's Dreadful Rot  Necr/Pois/Air  6%         N/A       22%         2
 Passwall                 Tmut/Erth      2%         N/A       22%         2
 Stone Arrow              Conj/Erth      14%        3d7       26%         3
 Mephitic Cloud           Conj/Pois/Air  6%         N/A       32%         3


Dungeon Overview and Level Annotations

Branches:
Dungeon (3/15)

Altars:

Shops:
D:1 (   D:2 ?(!![


Innate Abilities, Weirdness & Mutations

You cannot wear most types of armour.
You are amphibious.
You can wear up to eight rings at the same time.
Your skin changes colour to match your surroundings (Stealth+).
Your rubbery body absorbs attacks. (AC +1, EV +1)
((You are camouflaged when in or above water. (Stealth+)))
You have tentacles for arms and can constrict up to eight enemies at once.


Message History

* * * LOW HITPOINT WARNING * * *
The hound attacks as you move away! The hound barely misses you.
The hound closely misses you.
You hit the hound.
You kill the hound!
You have reached level 4!
You closely miss the ball python. Your grab misses the ball python.
The ball python bites you.
* * * LOW HITPOINT WARNING * * *
The ball python closely misses you.
Unknown command.
You barely miss the ball python. You grab the ball python.
Your squeeze misses the ball python. You constrict the ball python.
The ball python bites you.
* * * LOW HITPOINT WARNING * * *
The ball python closely misses you.
Unknown command.
You hit the ball python but do no damage.
The ball python is moderately wounded.
You constrict the ball python. The ball python bites you.
* * * LOW HITPOINT WARNING * * *
The ball python grabs you. The ball python constricts you.
* * * LOW HITPOINT WARNING * * *
The ball python bites you but does no damage.
The ball python constricts you.
* * * LOW HITPOINT WARNING * * *
You hit the ball python.
You kill the ball python!
Unknown command.
Casting: Magic Dart (safe; 5% risk of failure)
Confirm with . or Enter, or press ? or * to list all spells.
You blink.
The dart slug launches a dart at you. The slug dart hits you.
* * * LOW HITPOINT WARNING * * *
You feel stable enough to blink again.
The gnoll shouts!
The kobold shouts!
There is a stone staircase leading down here.
The gnoll hits you from afar with a +0 spear.
You die...

#.# #...# # #†#
##...## #. ##.#
#8...8# .##.###
#..# ##...####
....... #..#
#...##8##
....... #g.#
#........
......K #.w#
#8........
.....g.##g.#
##........
.......@...#
##8###8##
..........##.#
## ###
##..........##.#
.). .#####g###..
#.? .. .... ###
..# #.. #...
...#..# #.# ....
J..K..# ..
gg.<.#


You could see 3 gnolls, a dart slug and a kobold.

Vanquished Creatures
  A hound (D:3)
  A gnoll (D:2)
  An ufetubus (D:2)
  A worm (D:3)
  4 ball pythons
  3 endoplasms
  2 giant cockroaches (D:1)
  3 goblins (D:1)
  5 hobgoblins
  5 bats
  2 frilled lizards (D:1)
  6 kobolds
  6 rats
40 creatures vanquished.

Notes
Turn   | Place    | Note
-------+----------+-------------------------------------------
     0 | D:1      | mopl the Octopode Hedge Wizard began the quest for the Orb.
     0 | D:1      | Reached XP level 1. HP: 11/11 MP: 4/4
   125 | D:1      | Reached XP level 2. HP: 17/17 MP: 4/6
   182 | D:1      | Found Elaxey's Weapon Shop.
   504 | D:1      | Reached XP level 3. HP: 21/21 MP: 7/7
   578 | D:2      | Learned a level 2 spell: Blink
   620 | D:2      | Found Negec's Magic Scroll Shop.
   623 | D:2      | Bought a scroll of teleportation for 30 gold pieces
   623 | D:2      | Bought a scroll of identify for 20 gold pieces
   698 | D:2      | Found Fyacil's Weapon Shop.
   826 | D:2      | Found Jymet's Distillery.
   829 | D:2      | Bought a potion of degeneration for 10 gold pieces
   887 | D:2      | Reached skill level 2 in Conjurations
   887 | D:2      | Reached skill level 2 in Translocations
   899 | D:2      | Found Fiutuiga's Antique Armour Shoppe.
   942 | D:2      | Found Poke's Distillery.
  1172 | D:3      | Identified the -2 pair of boots "Quec" {Str+2}
  1266 | D:3      | Reached XP level 4. HP: 9/27 MP: 5/9
  1275 | D:3      | Slain by a gnoll

Illustrated notes

Levels and vault maps discovered:
D:1:      grunt_arrival_lava_bath, layout_loops_ring, serial_shops, shop,
          minmay_tiny_reverse_x
D:2:      layout_loops_ring, serial_shops, shop, shop,
          nicolae_shop_tiny_real_fake_doors, shop, shop
D:3:      layout_rooms, serial_corexii_hall, corexii_hall_statues_l,
          corexii_hall_statues_i, corexii_hall_statues_i,
          corexii_hall_statues_i, chequers_garden, roderic_batcave

Skill      XL: |  1  2  3 |
---------------+----------+-----
Conjurations   | 2 |  2.5
Translocations | 2 |  2.4
Dodging        | |  2.0
Stealth        | |  2.6
Spellcasting   | |  3.7
Summonings     | |  1.0

Action                     |  1- 3 |  4- 6 || total
---------------------------+-------+-------++-------
  Melee: Dagger            |    56 |     4 ||    60
         Constrict         |    15 |     1 ||    16
         Tentacles         |    13 |       ||    13
         Punch             |     1 |       ||     1
   Cast: Magic Dart        |    49 |       ||    49
         Blink             |       |     1 ||     1
   Stab: Sleeping          |     7 |       ||     7
 Armour: Skin              |    11 |     1 ||    12
  Dodge: Dodged            |    46 |     2 ||    48

Table legend: (Time is in decaauts)
 A = Elapsed time spent in this place.
 B = Non-inter-level travel time spent in this place.
 C = Inter-level travel time spent in this place.
 D = Time resting spent in this place.
 E = Time spent auto-exploring this place.
 F = Levels seen in this place.
 G = Mean time per level.
                   A        B        C        D        E       F      G
               +--------+--------+--------+--------+--------+-----+--------+
         Total |   1274 |   1209 |     65 |    107 |    834 |   3 |  424.7 |
       Dungeon |   1274 |   1209 |     65 |    107 |    834 |   3 |  424.7 |
               +--------+--------+--------+--------+--------+-----+--------+

Top non-repeatable levels by time:
     D:2: 591 daAuts
     D:1: 574 daAuts
     D:3: 109 daAuts
